 Dungeon Crawl Stone Soup version 0.23-a0-607-g760965b7 (webtiles) character file.

8477 CanOfBees the Quickloader (level 11, -7/63 HPs)
             Began as a Tengu Hunter on Dec 20, 2018.
             Was a High Priest of Okawaru.
             Mangled by a troll (8 damage)
             ... on level 10 of the Dungeon.
             The game lasted 00:32:13 (18066 turns).

CanOfBees the Quickloader (Tengu Hunter)           Turns: 18066, Time: 00:32:14

Health: -7/63      AC:  8    Str: 14      XL:     11   Next: 31%
Magic:  16/16      EV: 18    Int: 13      God:    Okawaru [*****.]
Gold:   660        SH:  2    Dex: 14 (15) Spells: 10/10 levels left

rFire    . . .     SeeInvis .   b - +1 whip (venom)
rCold    . . .     Gourm    .   (no shield)
rNeg     . . .     Faith    .   g - +0 troll leather armour
rPois    +         Spirit   .   (helmet restricted)
rElec    .         Reflect  +   L - +0 cloak
rCorr    .         Harm     .   F - +1 pair of gloves
MR       .....                  (boots unavailable)
Stlth    +.........             r - +2 amulet of reflection
HPRegen  0.60/turn              (no ring)
MPRegen  0.15/turn              Y - ring of poison resistance

@: no status effects
A: beak, talons 3, clever 1, clumsy 1, deterioration 1, frail 1, able to fly 1
a: Fly, Heroism, Finesse, Renounce Religion


You were on level 10 of the Dungeon.
You worshipped Okawaru.
Okawaru was extremely pleased with you.
You were hungry.

You visited 2 branches of the dungeon, and saw 11 of its levels.
You also visited: Sewer.

You collected 660 gold pieces.

Inventory:

Hand Weapons
 a - a +1 hand crossbow
 b - a +1 whip of venom (weapon)
 B - the cursed +0 war axe "Killer Bee's Doom" {drain, rC++ MR- Str+5}
   (You found it on level 10 of the Dungeon)

   A truly terrible weapon, it drains the life of those it strikes.
   It affects your strength (+5).
   It greatly protects you from cold.
   It affects your resistance to hostile enchantments.
   It has a curse placed upon it.
 D - a +1 short sword of draining
Missiles
 d - 15 bolts
 e - 333 stones (quivered)
 o - 87 sling bullets
 G - 3 tomahawks
 I - 8 needles of confusion
 N - 49 poisoned needles
 P - a throwing net
Armour
 g - a +0 troll leather armour (worn)
 t - a +2 leather armour of fire resistance
 F - a +1 pair of gloves (worn)
 K - a +3 ring mail of poison resistance
 L - a +0 cloak (worn)
Jewellery
 l - an uncursed ring of ice
 m - a +4 ring of intelligence
 r - a +2 amulet of reflection (around neck)
 C - an uncursed amulet of the gourmand
 H - an uncursed ring of positive energy
 R - an uncursed ring of protection from cold
 X - an uncursed ring of fire
 Y - a ring of poison resistance (right hand)
Wands
 c - a wand of enslavement (2)
 z - a wand of polymorph (12)
Scrolls
 h - 6 scrolls of identify
 i - 3 scrolls of enchant weapon
 j - 3 scrolls of fear
 k - a scroll of random uselessness {unknown}
 n - 2 scrolls of immolation
 p - 5 scrolls of fog
 q - 4 scrolls of enchant armour
 s - 3 scrolls of teleportation
 y - 2 scrolls of magic mapping {unknown}
 E - 3 scrolls of remove curse
 J - 3 scrolls of amnesia {unknown}
 U - a scroll of summoning {unknown}
 V - a scroll of noise {unknown}
Potions
 u - 2 potions of might
 v - 2 potions of haste
 w - 2 potions of magic
 x - 2 potions of heal wounds
 A - a potion of ambrosia {unknown}
 M - 2 potions of curing
 O - a potion of flight {unknown}
 Q - a potion of agility {unknown}
 S - a potion of degeneration {unknown}
 W - a potion of cancellation {unknown}
Comestibles
 f - 19 rations


   Skills:
 + Level 9.2 Fighting
 + Level 10.7 Crossbows
 - Level 4.0 Armour
 + Level 10.0 Dodging
 - Level 1.0 Stealth
 - Level 6.0 Invocations


You had 10 spell levels left.
You didn't know any spells.
Your spell library contained the following spells:

 Spells                   Type           Power        Failure   Level  Hunger
 Animate Skeleton         Necr           N/A          36%         1    ##.....
 Apportation              Tloc           #.....       36%         1    ##.....
 Confusing Touch          Hex            #.....       36%         1    ##.....
 Freeze                   Ice            #...         36%         1    ##.....
 Magic Dart               Conj           #...         36%         1    ##.....
 Summon Small Mammal      Summ           #...         36%         1    ##.....
 Blink                    Tloc           N/A          50%         2    ###....
 Call Imp                 Summ           #.......     50%         2    ###....
 Slow                     Hex            #.......     50%         2    ###....
 Throw Frost              Conj/Ice       #.....       50%         2    ###....
 Conjure Flame            Conj/Fire      #.......     75%         3    ####...
 Mephitic Cloud           Conj/Pois/Air  #.......     75%         3    ####...
 Ozocubu's Armour         Chrm/Ice       #.......     75%         3    ####...
 Cause Fear               Hex            #.........   98%         4    #####..
 Summon Ice Beast         Ice/Summ       #.......     98%         4    #####..
 Throw Icicle             Conj/Ice       #.......     98%         4    #####..
 Bolt of Magma            Conj/Fire/Erth #.........   100%        5    ######.
 Iskenderun's Battlesphe  Conj/Chrm      #.......     100%        5    ######.
 Silence                  Hex/Air        #.........   100%        5    ######.
 Venom Bolt               Conj/Pois      #.........   100%        5    ######.
 Yara's Violent Unravell  Hex/Tmut       #.........   100%        5    ######.
 Deflect Missiles         Chrm/Air       #.........   100%        6    #######
 Iron Shot                Conj/Erth      #.........   100%        6    #######
 Orb of Destruction       Conj           #.........   100%        7    #######
 Spellforged Servitor     Conj/Summ      #.........   100%        7    #######
 Discord                  Hex            #.........   100%        8    #######


Dungeon Overview and Level Annotations

Branches:
Dungeon (10/15)            Temple (1/1) D:6            Lair (0/6) D:8
    Orc (0/2) D:10

Altars:
Ashenzari
Cheibriados
Dithmenos
Elyvilon
Fedhas
Hepliaklqana
Kikubaaqudgha
Nemelex Xobeh
Okawaru
Qazlal
Sif Muna
Trog
Uskayaw
Vehumet
Wu Jian
Xom
Yredelemnul
Zin
Lugonu

Annotations:
D:4 3 runed doors, ICEMaiden's ghost, amateur DrCj
D:7 2 transporters


Innate Abilities, Weirdness & Mutations

You have a beak for a mouth.
You have claws for feet.
You can fly.
Your mind is acute. (Int +2)
You are clumsy. (Dex -2)
Your body sometimes deteriorates upon taking damage.
You are frail. (-10% HP)


Message History

The troll is no longer charmed.
The troll bites you! The troll misses you. The troll claws you.
You hit the troll.
The troll is poisoned.
You claw the troll. You peck the troll, but do no damage.
The troll is severely wounded.
The troll bites you! The troll claws you!
Your body deteriorates!
You feel clumsy. The troll claws you.
You hit the troll.
The troll looks as sick as possible!
Your kick misses the troll. Your peck misses the troll.
The troll is severely wounded.
The troll closely misses you. x2; The troll claws you!
* * * LOW HITPOINT WARNING * * *
The troll bites you!
* * * LOW HITPOINT WARNING * * *
The troll closely misses you. You block the troll's attack.
You hit the troll but do no damage.
The troll looks as sick as possible!
The troll is severely wounded.
The troll closely misses you. The troll claws you!
You die...

#≈≈≈≈≈≈≈≈≈≈..######
#≈≈≈≈≈≈≈≈#........
#................
####....####........
#........# #########
#...)....#####......
#...)<.........#####
#.)T....####....####
#.)@....# ####.....
#)###.### ###### #)#
#..# # #(# #########
#g# #...## #O#
###..###


#O'.ooTo# ##...# #.#oKKgo# ###.##### #.#8Oog8# #.....# You could see a troll.

Vanquished Creatures
  A two-headed ogre (D:9)
  An unseen horror (D:10)
  A komodo dragon (D:8)
  2 trolls
  A hippogriff (D:8)
  A vampire (D:10)
  A basilisk (D:8)
  A wyvern (D:8)
  A hungry ghost (D:8)
  A soldier ant (D:10)
  A water moccasin (D:9)
  A swamp drake (D:8)
  2 orc warriors
  2 sky beasts
  A black bear (D:8)
  7 ice beasts
  7 ogres
  2 phantoms
  A centaur (D:5)
  2 crocodiles (D:8)
  9 bullfrogs
  A wyvern zombie (D:9)
  5 scorpions
  10 killer bees
  3 howler monkeys (D:7)
  An electric eel (D:10)
  2 quasits
  A centaur zombie (D:6)
  A bullfrog zombie (D:10)
  4 jellies
  5 hounds
  10 orc priests
  2 centaur skeletons
  6 orc wizards
  3 bullfrog skeletons
  An iguana (D:5)
  8 worker ants
  2 hound zombies
  3 hound skeletons
  Robin (D:3)
  A gnoll (D:2)
  12 adders
  3 river rats (Sewer)
  A howler monkey skeleton (D:4)
  A shadow imp (D:7)
  5 oozes
  An adder skeleton (D:5)
  4 worms
  A dart slug (D:1)
  11 leopard geckos
  39 orcs
  18 ball pythons
  6 giant cockroaches
  21 goblins
  22 hobgoblins
  7 jackals
  7 quokkas
  12 bats
  6 frilled lizards
  20 kobolds
  36 rats
  A fungus (D:10)
350 creatures vanquished.

Vanquished Creatures (collateral kills)
  2 orc warriors (D:10)
  2 ogres (D:10)
  2 big kobolds (D:10)
  A gnoll sergeant (D:10)
  A gnoll (D:10)
8 creatures vanquished.

Vanquished Creatures (others)
  An orc warrior (D:10)
  A gnoll sergeant (D:10)
  A big kobold (D:10)
  An adder skeleton (D:7)
4 creatures vanquished.

Grand Total: 362 creatures vanquished

Notes
Turn   | Place    | Note
-------+----------+-------------------------------------------
     0 | D:1      | CanOfBees the Tengu Hunter began the quest for the Orb.
     0 | D:1      | Reached XP level 1. HP: 12/12 MP: 2/2
    93 | D:1      | Reached XP level 2. HP: 15/17 MP: 3/3
   486 | D:1      | Reached XP level 3. HP: 13/22 MP: 4/4
  1634 | D:2      | Reached skill level 5 in Crossbows
  1637 | D:2      | Reached XP level 4. HP: 27/27 MP: 5/5
  2207 | D:2      | HP: 1/28 [gnoll/+0 spear (2)]
  2952 | D:3      | Found a glowing drain.
  2961 | Sewer    | Entered a sewer
  3132 | Sewer    | Gained mutation: You can fly. [Tengu growth]
  3132 | Sewer    | Reached XP level 5. HP: 30/32 MP: 6/6
  3147 | Sewer    | Gained mutation: Your body sometimes deteriorates upon
                  | taking damage. [potion of mutation]
  3147 | Sewer    | Gained mutation: You are clumsy. (Dex -2) [potion of
                  | mutation]
  3147 | Sewer    | Gained mutation: You are frail. (-10% HP) [potion of
                  | mutation]
  3147 | Sewer    | Gained mutation: Your mind is acute. (Int +2) [potion of
                  | mutation]
  4172 | Sewer    | Reached XP level 6. HP: 12/34 MP: 7/7
  5245 | D:3      | Noticed Robin
  5363 | D:3      | Killed Robin
  6090 | D:3      | Found a blossoming altar of Fedhas.
  6090 | D:3      | Found a shadowy altar of Dithmenos.
  6090 | D:3      | Found a radiant altar of Vehumet.
  6379 | D:4      | Reached skill level 5 in Dodging
  6379 | D:4      | Reached XP level 7. HP: 31/39 MP: 8/8
  6391 | D:4      | Found a runed gate.
  6391 | D:4      | Found a runed gate.
  6391 | D:4      | Found a runed gate.
  6391 | D:4      | Noticed ICEMaiden's ghost (amateur DrCj)
  6470 | D:4      | Found an ancient bone altar of Kikubaaqudgha.
  6597 | D:4      | Found a hide-covered altar of Uskayaw.
  7022 | D:4      | Reached skill level 1 in Armour
  7420 | D:5      | Entered Level 5 of the Dungeon
  7493 | D:5      | Reached skill level 5 in Fighting
  7862 | D:5      | Reached XP level 8. HP: 30/44 MP: 9/9
  8977 | D:6      | Found a glowing silver altar of Zin.
  9112 | D:6      | Found a staircase to the Ecumenical Temple.
  9129 | Temple   | Entered the Ecumenical Temple
  9222 | Temple   | Became a worshipper of Warmaster Okawaru
  9684 | D:6      | Reached skill level 1 in Invocations
  9700 | D:6      | Found a shimmering altar of Xom.
  9700 | D:6      | Found a sparkling altar of Nemelex Xobeh.
  9704 | D:6      | Reached * piety under Okawaru
  9704 | D:6      | Reached XP level 9. HP: 49/49 MP: 9/11
  9706 | D:6      | Found a snail-covered altar of Cheibriados.
 10364 | D:7      | HP: 2/50 [ice beast (11)]
 10837 | D:7      | Noticed a green ugly thing
 10838 | D:7      | Found a transporter.
 10839 | D:7      | Found a transporter.
 10839 | D:7      | Noticed a white ugly thing
 10840 | D:7      | Noticed an ancient zyme
 11801 | D:7      | Found a corrupted altar of Lugonu.
 11802 | D:7      | Noticed an anaconda
 12372 | D:7      | Reached ** piety under Okawaru
 12979 | D:8      | Reached XP level 10. HP: 56/56 MP: 13/13
 13473 | D:8      | HP: 1/57 [komodo dragon (21)]
 13489 | D:8      | Reached *** piety under Okawaru
 14667 | D:8      | Found a staircase to the Lair.
 15253 | D:9      | Noticed a two-headed ogre
 15898 | D:9      | Received a gift from Okawaru
 16307 | D:8      | Reached skill level 5 in Invocations
 16875 | D:9      | Found a hazy altar of Hepliaklqana.
 16931 | D:9      | Killed a two-headed ogre
 16931 | D:9      | Reached **** piety under Okawaru
 16931 | D:9      | Reached skill level 10 in Crossbows
 17239 | D:10     | Entered Level 10 of the Dungeon
 17248 | D:10     | Reached XP level 11. HP: 20/62 MP: 16/16
 17891 | D:10     | Killed an unseen horror
 17891 | D:10     | Reached ***** piety under Okawaru
 17940 | D:10     | Got an ichor-stained war axe
 17942 | D:10     | Identified the cursed +0 war axe "Killer Bee's Doom"
                  | {drain, rC++ MR- Str+5} (You found it on level 10 of the
                  | Dungeon)
 18012 | D:10     | Found a staircase to the Orcish Mines.
 18042 | D:10     | Reached skill level 10 in Dodging
 18059 | D:10     | Received a gift from Okawaru
 18065 | D:10     | HP: 1/63 [troll (16)]
 18066 | D:10     | Mangled by a troll

Vault maps used:
D:1:      erik_arrival_gehennom, serial_bayou, serial_bayou_ford_a,
          serial_bayou_pond_c, serial_bayou_pond_d, serial_bayou_pond_b
D:2:      st_stairs_1
D:3:      minmay_chambers_of_twos, chequers_temple_overflow_statue_of_worship,
          portal_sewer_entry_d, first_ration, uniq_robin
D:4:      kennysheep_mini_moat, kiku_gazebo_pond_becter,
          ebering_ghost_rock_garden
D:5:      nrook_pool_corridor
D:6:      zin_academy, gammafunk_temple_overflow_claw,
          minmay_temple_entry_antechambers, kennysheep_generic_room_11
D:7:      gammafunk_corrupted_shrine, chequers_mini_garden, grunt_ogre_cave,
          st_stairs_3, lemuel_flame_loot_1
D:8:      corexii_shantytown, erik_lair_dragon, hangedman_decor_opposing
D:9:      nicolae_overflow_hidden_temple, serial_glass, glass_columns_b,
          glass_columns_b
D:10:     kennysheep_orc_monster_closet_entryway, water_boxes_lemuel
Temple:   minmay_temple_forest_path
Sewer:    sewer_minmay_w

Skill      XL: |  1  2  3  4  5  6  7  8  9 10 11 |
---------------+----------------------------------+-----
Dodging        | 3 4 5 6 8 9 10 | 10.0
Crossbows      | 5 6 7 9 10 | 10.7
Fighting       | 3 4 5 6 7 8 9 |  9.2
Armour         | 2 4 |  4.0
Invocations    | 1 3 5 6 |  6.0
Stealth        | |  1.0

Action                   |  1- 3 |  4- 6 |  7- 9 | 10-12 || total
-------------------------+-------+-------+-------+-------++-------
Melee: Short sword       |   104 |   195 |    56 |       ||   355
       Peck              |    15 |    16 |    72 |    39 ||   142
       Kick              |    19 |    50 |    79 |    47 ||   195
       Whip              |       |       |   223 |   200 ||   423
 Fire: Hand crossbow     |     4 |    78 |   135 |   177 ||   394
Throw: Stone             |     9 |     9 |    43 |    12 ||    73
 Abil: Fly               |       |     3 |     6 |     5 ||    14
Evoke: Wand              |       |       |    12 |    32 ||    44
  Use: Scroll            |       |     3 |    13 |     6 ||    22
       Potion            |       |     5 |     2 |     3 ||    10
 Stab: Sleeping          |     4 |     2 |     2 |     2 ||    10
  Eat: Chunk             |     2 |    16 |    18 |     5 ||    41
       Ration            |       |       |     1 |     4 ||     5
Armor: Leather armour    |    37 |   111 |    54 |    25 ||   227
       Troll leather arm |       |       |       |    53 ||    53
Dodge: Dodged            |    81 |   292 |   249 |   317 ||   939
Block: Other             |       |    19 |    30 |    18 ||    67

Table legend:
 A = Non-vault XP
 B = Vault XP
 C = Vault XP percentage of total XP
 D = Non-vault monster count
 E = Vault monster count
 F = Vault count percentage of total count
                 A         B        C        D         E       F
            +---------+---------+-------+---------+---------+-------
      Total |    9957 |    2153 |  17.8 |     231 |     127 |  35.5
            +---------+---------+-------+---------+---------+-------
        D:1 |      58 |      23 |  28.4 |      29 |       8 |  21.6
        D:2 |      40 |      17 |  29.8 |      19 |       2 |   9.5
        D:3 |      90 |      67 |  42.7 |      23 |      21 |  47.7
        D:4 |     428 |       0 |   0.0 |      11 |       0 |   0.0
        D:5 |     638 |       0 |   0.0 |      30 |       0 |   0.0
        D:6 |     883 |       0 |   0.0 |      18 |       0 |   0.0
        D:7 |    1164 |     128 |   9.9 |      27 |       2 |   6.9
        D:8 |    1731 |    1158 |  40.1 |      26 |      35 |  57.4
        D:9 |    2442 |       0 |   0.0 |      24 |       0 |   0.0
       D:10 |    2483 |     451 |  15.4 |      24 |      11 |  31.4
      Sewer |       0 |     309 | 100.0 |       0 |      48 | 100.0
            +---------+---------+-------+---------+---------+-------
